 Dungeon Crawl Stone Soup version 0.28.0 (webtiles) character file.

Game seed: 15432648737682780193

7 danielguo94 the Shield-Bearer (level 2, -2/19 HPs)
             Began as a Gargoyle Fighter on Feb 5, 2022.
             Slain by a gnoll (4 damage)
             ... on level 1 of the Dungeon.
             The game lasted 00:00:41 (170 turns).

danielguo94 the Shield-Bearer (Gargoyle Fighter)     Turns: 170, Time: 00:00:41

Health: -2/19      AC:  9    Str: 19    XL:     2   Next: 0%
Magic:  2/2        EV:  9    Int:  8    God:
Gold:   13         SH:  4    Dex:  9    Spells: 1/1 levels left

rFire   . . .      SeeInvis .   a - +0 flail
rCold   . . .      Faith    .   c - +0 buckler
rNeg    + . .      Spirit   .   b - +0 scale mail
rPois   ∞          Reflect  .   (no helmet)
rElec   +          Harm     .   (no cloak)
rCorr   .          Rampage  .   (no gloves)
Will    .....                   (no boots)
Stlth   ..........              (no amulet)
HPRegen 0.06/turn               (no ring)
MPRegen 0.08/turn               (no ring)

@: no status effects
A: sickness immunity, AC +2, negative energy resistance 1, electricity
resistance, torment resistance 1, petrification resistance
a: no special abilities


You were on level 1 of the Dungeon.
You visited 1 branch of the dungeon, and saw 1 of its levels.

You collected 13 gold pieces.

Inventory:

Hand Weapons
 a - a +0 flail (weapon)
Missiles
 e - 20 stones (quivered)
Armour
 b - a +0 scale mail (worn)
 c - a +0 buckler (worn)
Scrolls
 f - a scroll of vulnerability {unknown}
 g - a scroll of identify {unknown}
Potions
 d - 2 potions of might


   Skills:
 + Level 3.4 Fighting
 * Level 2.0 Maces & Flails
 + Level 3.4 Armour
 + Level 3.5 Shields


You had one spell level left.
You didn't know any spells.
Your spell library contained the following spells:

 Spells                   Type           Power      Damage    Failure   Level
 Ignite Poison            Fire/Tmut/Pois 0%         N/A       99%         3
 Mephitic Cloud           Conj/Pois/Air  0%         N/A       99%         3
 Freezing Cloud           Conj/Ice/Air   0%         6-21      100%        5


Dungeon Overview and Level Annotations

Branches:
Dungeon (1/15)

Altars:


Innate Abilities, Weirdness & Mutations

You are immune to sickness and miasma.
Your stone body is resilient. (AC +2)
You are immune to poison.
You resist negative energy. (rN+)
You are resistant to electric shocks. (rElec)
You are resistant to unholy torment.
You are immune to petrification.


Message History

The quokka bites you.
The quokka bites you but does no damage.
You see here a quokka corpse.
The quokka closely misses you. The quokka completely misses you.
A quokka and a goblin come into view.
The goblin shouts!
The quokka twitches its whiskers.
You closely miss the quokka.
A jackal comes into view. x2
The quokka bites you. x2
* * * LOW HITPOINT WARNING * * *
You closely miss the quokka.
The jackal barks!
The quokka closely misses you.
You completely miss the quokka. The quokka barely misses you. x2
The goblin hits you but does no damage.
You hit the quokka.
The quokka is heavily wounded.
The quokka barely misses you. You block the goblin's attack.
You block the quokka's attack.
You barely miss the quokka.
The quokka is heavily wounded.
The goblin hits you but does no damage. The quokka closely misses you.
You hit the quokka.
You kill the quokka!
The goblin hits you but does no damage. x2; You block the hobgoblin's attack.
You closely miss the hobgoblin. You block the gnoll's attack.
The goblin hits you but does no damage.
The hobgoblin hits you but does no damage.
The gnoll hits you from afar with a +0 spear.
* * * LOW HITPOINT WARNING * * *
You hit the hobgoblin.
You kill the hobgoblin!
The goblin hits you but does no damage.
The gnoll hits you from afar with a +0 spear.
* * * LOW HITPOINT WARNING * * *
You have reached level 2!
The gnoll hits you with a +0 spear.
You die...

#.....#............
#.....)............
#####.#.#...........
#.......###.......>.
#.......###.........
........#.##..........
......................
...####.#.......[.###.
...#g@g......##...##..
......h.##......##...##.#
.....h####.......†.......
...... #......###......
..... #......# #......
..... #......# #......
.... ######## #......
.... #...... ######.


You could see a gnoll, 2 jackals and a goblin.

Vanquished Creatures
  A goblin (D:1)
  A hobgoblin (D:1)
  2 quokkas (D:1)
  A frilled lizard (D:1)
  A rat (D:1)
6 creatures vanquished.

Notes
Turn   | Place    | Note
-------+----------+-------------------------------------------
     0 | D:1      | danielguo94 the Gargoyle Fighter began the quest for the
                  | Orb.
     0 | D:1      | Reached XP level 1. HP: 14/14 MP: 1/1
   170 | D:1      | Reached XP level 2. HP: 2/19 MP: 2/2
   170 | D:1      | Slain by a gnoll

Illustrated notes

Levels and vault maps discovered:
D:1:      minmay_arrival_five_plusses, layout_rooms,
          chequers_ecumenical_altar_island

Action                   || total
-------------------------++-------
Melee: Flail             ||    20
Armor: Scale mail        ||    17
Dodge: Dodged            ||    12
Block: Buckler           ||     9
